 Dungeon Crawl Stone Soup version 0.28.0 (webtiles) character file.

Game seed: 15933905633115911891

174 porpoise the Chopper (level 5, -2/44 HPs)
             Began as a Palentonga Abyssal Knight on Feb 13, 2022.
             Was a Believer of Lugonu.
             Slain by an orc (3 damage)
             ... on level 3 of the Dungeon.
             The game lasted 00:07:08 (2865 turns).

porpoise the Chopper (Palentonga Abyssal Knight)    Turns: 2865, Time: 00:07:09

Health: -2/44      AC:  8    Str: 18    XL:     5   Next: 28%
Magic:  6/6        EV:  9    Int: 11    God:    Lugonu [**....]
Gold:   36         SH:  0    Dex: 10    Spells: 4/4 levels left

rFire   + . .      SeeInvis +   a - +1 hand axe
rCold   + . .      Faith    .   (no shield)
rNeg    . . .      Spirit   .   k - +3 leather armour
rPois   +          Reflect  .   (no helmet)
rElec   +          Harm     .   p - +0 cloak
rCorr   +          Rampage  .   (no gloves)
Will    .....                   (no barding)
Stlth   +.........              (no amulet)
HPRegen 0.14/turn               (no ring)
MPRegen 0.10/turn               (no ring)

@: brilliant, lethally poisoned (-2 -> -21), resistant
A: large, rugged brown scales 3, see invisible, deformed body, roll 1, armoured
tail
a: Rolling Charge, Renounce Religion, Depart the Abyss, Bend Space


You were on level 3 of the Dungeon.
You worshipped Lugonu.
Lugonu was pleased with you.
You visited 1 branch of the dungeon, and saw 3 of its levels.
You visited the Abyss 1 time.

You collected 36 gold pieces.

Inventory:

Hand Weapons
 a - a +1 hand axe (weapon)
 o - a +0 lajatang
Missiles
 b - 2 poisoned darts
 e - 109 stones
 f - 2 javelins
 h - 16 sling bullets
 j - 10 bolts
 m - 11 arrows
Armour
 k - a +3 leather armour (worn)
 p - a +0 cloak (worn)
Wands
 r - a wand of flame (23)
Scrolls
 c - a scroll of immolation {unknown}
 d - a scroll of magic mapping {unknown}
 g - a scroll of blinking
 l - a scroll of enchant armour {unknown}
 n - a scroll of identify {unknown}
 q - a scroll of fear {unknown}
 s - 2 scrolls of teleportation
 u - a scroll of vulnerability {unknown}
Potions
 i - a potion of degeneration {unknown}
 t - a potion of brilliance
 v - a potion of resistance


   Skills:
 + Level 4.2 Fighting
 * Level 4.7 Axes
 - Level 1.5 Armour
 - Level 0.7 Dodging
 - Level 2.0 Invocations


You had 4 spell levels left.
You didn't know any spells.
Your spell library contained the following spells:

 Spells                   Type           Power      Damage    Failure   Level
 Conjure Flame            Conj/Fire      0%         6-21      77%         3
 Ignite Poison            Fire/Tmut/Pois 0%         N/A       77%         3
 Inner Flame              Hex/Fire       0%         N/A       77%         3
 Cause Fear               Hex            0%         N/A       99%         4
 Sticky Flame             Conj/Fire      0%         2d3       99%         4
 Discord                  Hex            0%         N/A       100%        8


Dungeon Overview and Level Annotations

Branches:
Dungeon (3/15)

Altars:


Innate Abilities, Weirdness & Mutations

You are completely covered in rugged brown scales. (AC +3, +7% HP)
You have supernaturally acute eyesight. (SInv)
Armour fits poorly on your strangely shaped body.
You can roll at nearby foes to attack.
You have a long armoured tail.


Message History

The orc priest is almost dead.
You closely miss the orc. The orc barely misses you.
You hit the orc. You tail-slap the orc.
You kill the orc!
Lugonu accepts your kill.
The orc priest calls down the wrath of Beogh upon you.
Beogh smites you!
You closely miss the orc priest.
The orc priest is almost dead.
The orc priest mumbles some strange prayers to Beogh against you.
Pain shoots through your body!
* * * LOW HITPOINT WARNING * * *
You slash the orc priest!
You kill the orc priest!
Lugonu accepts your kill.
You hit the orc.
The orc is heavily wounded.
The orc barely misses you.
You hit the orc but do no damage.
The orc is heavily wounded.
The orc hits you but does no damage.
You are poisoned.
You hit the orc but do no damage.
The orc is heavily wounded.
You feel sick.
The orc hits you with a +1 whip of venom.
* * * LOW HITPOINT WARNING * * *
You are lethally poisoned!
It was a potion of brilliance.
You feel clever all of a sudden.
* * * LOW HITPOINT WARNING * * *
You feel very sick. The orc hits you but does no damage.
You are more poisoned.
It was a potion of resistance.
You feel protected.
* * * LOW HITPOINT WARNING * * *
You feel very sick.
The orc hits you with a +1 whip of venom.
You die...

#.#<.#....##
#.#.###...#
#....#...##
####..##.###
#.#.....#
#.#.....#
#.#.....#
##.####.#.....#
#..oo@..#.....#
##.############


You could see an orc priest and an orc.

Vanquished Creatures
  2 orc priests (D:3)
  3 gnolls (D:2)
  2 adders
  A worm (D:2)
  A dart slug (D:2)
  5 orcs (D:3)
  3 ball pythons (D:1)
  4 endoplasms
  3 giant cockroaches
  2 goblins (D:2)
  3 hobgoblins
  3 jackals (D:3)
  3 quokkas
  2 bats
  4 frilled lizards
  5 kobolds (D:1)
  21 rats
67 creatures vanquished.

Notes
Turn   | Place    | Note
-------+----------+-------------------------------------------
     0 | Abyss:1  | porpoise the Palentonga Abyssal Knight began the quest for
                  | the Orb.
     0 | Abyss:1  | Reached XP level 1. HP: 19/19 MP: 2/2
    15 | D:1      | Escaped the Abyss
   453 | D:1      | Reached XP level 2. HP: 25/25 MP: 3/3
  1285 | D:2      | Reached ** piety under Lugonu
  1294 | D:2      | Reached XP level 3. HP: 28/31 MP: 4/4
  1920 | D:2      | Reached XP level 4. HP: 36/39 MP: 5/5
  2361 | D:2      | Found a faded altar of an unknown god.
  2707 | D:3      | Reached XP level 5. HP: 44/44 MP: 6/6
  2865 | D:3      | HP: 1/44 [poisoned by an orc]
  2865 | D:3      | Slain by an orc

Illustrated notes

Levels and vault maps discovered:
D:1:      dpeg_arrival_chambers_temple_mockup, layout_basic
D:2:      layout_rooms, chequers_ecumenical_altar_grove, minmay_rat_hole
D:3:      layout_loops_cross

Skill      XL: |  1  2  3  4 |
---------------+-------------+-----
Axes           | 3 4 |  4.7
Fighting       | 4 |  4.2
Armour         | |  1.5
Dodging        | |  0.7
Invocations    | |  2.0

Action                   |  1- 3 |  4- 6 || total
-------------------------+-------+-------++-------
Melee: Hand axe          |    89 |    71 ||   160
       Tailslap          |    14 |    10 ||    24
       Punch             |     2 |       ||     2
 Abil: Rolling Charge    |    23 |    12 ||    35
  Use: Scroll            |       |     2 ||     2
       Potion            |       |     2 ||     2
Armor: Leather armour    |    18 |    24 ||    42
Dodge: Dodged            |    36 |    26 ||    62
